 Dungeon Crawl Stone Soup version 0.22-a0-322-g60b3cfd (webtiles) character file.

2964 Kairos the Conjurer (level 10, -6/70 (71) HPs)
             Began as a Human Conjurer on Apr 4, 2018.
             Was a Believer of Vehumet.
             Killed by divine providence
             ... invoked by an orc priest
              (9 damage)
             ... on level 8 of the Dungeon.
             The game lasted 00:36:15 (9843 turns).

Kairos the Conjurer (Human Conjurer)                Turns: 9843, Time: 00:36:15

HP:   -6/70 (71)    AC:  3    Str:  8    XL:     10   Next: 8%
MP:   1/19          EV: 15    Int: 17    God:    Vehumet [**....]
Gold: 437           SH:  0    Dex: 16    Spells: 13/22 levels left

rFire    . . .     SeeInvis .   y - +2 hand axe (flame)
rCold    . . .     Gourm    .   (no shield)
rNeg     . . .     Faith    +   a - +0 robe
rPois    .         Spirit   .   (no helmet)
rElec    .         Reflect  .   B - +0 cloak
rCorr    .         Harm     .   (no gloves)
MR       .....                  (no boots)
Stlth    +++.......             q - amulet of faith
HPRegen  0.21/turn              u - ring of flight
MPRegen  0.16/turn              (no ring)

@: about to teleport
A: no striking features
a: Renounce Religion, Evoke Flight


You were on level 8 of the Dungeon.
You worshipped Vehumet.
Vehumet was pleased with you.
You were hungry.

You visited 2 branches of the dungeon, and saw 9 of its levels.

You collected 437 gold pieces.

Inventory:

Hand Weapons
 h - a +2 dagger of venom
 y - a +2 hand axe of flaming (weapon)
Armour
 a - a +0 robe (worn)
 B - a +0 cloak (worn)
Magical Staves
 p - an uncursed staff of cold
Jewellery
 q - an amulet of faith (around neck)
 u - a ring of flight (left hand)
Wands
 f - a wand of disintegration (15)
 s - a wand of scattershot (1)
 w - a wand of iceblast (3)
Scrolls
 d - 4 scrolls of teleportation
 g - a scroll of immolation
 i - a scroll of amnesia
 j - a scroll of random uselessness
 l - 2 scrolls of blinking
 m - 8 scrolls of remove curse
 n - a scroll of enchant armour {unknown}
 o - 2 scrolls of fear {unknown}
 r - 2 scrolls of enchant weapon {unknown}
 t - 3 scrolls of magic mapping
Potions
 b - 2 potions of curing
 e - 4 potions of haste
 k - a potion of heal wounds
 v - a potion of might
 x - a potion of flight {unknown}
 z - a potion of cancellation {unknown}
 C - a potion of lignification {unknown}
Comestibles
 c - 12 rations
 A - a chunk of flesh


   Skills:
 + Level 3.9 Fighting
 + Level 3.8 Short Blades
 + Level 2.4 Axes
   Level 0.1(1.4) Maces & Flails
 + Level 4.9 Dodging
 + Level 4.8 Stealth
 + Level 6.6 Spellcasting
 + Level 7.8 Conjurations
 + Level 1.3 Hexes
 + Level 0.4 Fire Magic
 + Level 0.1 Evocations


You had 13 spell levels left.
You knew the following spells:

 Your Spells              Type           Power        Failure   Level  Hunger
a - Magic Dart            Conj           ####         1%          1    None
b - Dazzling Spray        Conj/Hex       ###...       5%          3    ##.....
c - Iskenderun's Mystic   Conj           ####....     4%          4    ####...
d - Flame Tongue          Conj/Fire      ###..        2%          1    None


Dungeon Overview and Level Annotations

Branches:
Dungeon (8/15)             Temple (1/1) D:5
   Lair: D:8-11

Altars:
Ashenzari
Cheibriados
Dithmenos
Elyvilon
Fedhas
Gozag
Hepliaklqana
Makhleb
Nemelex Xobeh
Okawaru
Qazlal
Ru
Sif Muna
Trog
Uskayaw
Vehumet
Wu Jian
Xom
Yredelemnul
Zin
The Shining One

Shops:
D:7 :

Annotations:
D:3 Nattefrost's ghost, amateur GnTm
D:4 Nattefrost's ghost, amateur GnTm


Message History

* * * LOW HITPOINT WARNING * * *
You miss something. You hit the orc wizard. You burn the orc wizard.
The orc wizard barely misses you. x2
You hear some strange, mumbled words.
A magic dart appears from out of thin air!
The magic dart hits you!
* * * LOW HITPOINT WARNING * * *
As you read the scroll of teleportation, it crumbles to dust.
You feel strangely unstable. The orc wizard misses you.
Something hits you but does no damage. The orc wizard barely misses you.
You hit the orc wizard. You burn the orc wizard.
The orc wizard is almost dead.
You hit something. You burn something. Vehumet accepts your kill.
Reactivating autopickup.
You feel a bit more experienced. The orc wizard hits you with a dagger.
* * * LOW HITPOINT WARNING * * *
The orc priest mumbles some strange prayers to Beogh against you.
Beogh smites you!
You die...

# .... .#.#...####
.......#.. #..#..#.# #
#.....#.####.# # .#
#.#............# .# .
...#............# .. # .
...##.....#.#####.#...#
#....##.....#..o@5.o....#
#..Z #....(#######.....#
(. #.......... .....
####.##.######### ##'#
.....##.# . .######.#
.#......# .#.######
.#.#####


You could see an orc priest, an orc wizard and a crimson imp.

Vanquished Creatures
  A hippogriff (D:7)
  A human (D:7)
  2 hogs (D:7)
  2 orc warriors
  An ice beast (D:8)
  2 sky beasts
  A necrophage (D:8)
  4 ogres
  A phantom (D:5)
  A centaur (D:6)
  3 bullfrogs (D:6)
  A centaur zombie (D:7)
  A bullfrog zombie (D:6)
  A centaur skeleton (D:4)
  A jelly (D:7)
  3 orc priests
  5 hounds
  8 orc wizards
  2 bullfrog skeletons
  2 iguanas
  4 worker ants
  A hound skeleton (D:4)
  A howler monkey zombie (D:5)
  3 worker ant zombies
  10 gnolls
  3 adders
  An adder skeleton (D:8)
  2 worms
  2 dart slugs (D:1)
  5 leopard geckos
  31 orcs
  5 giant cockroaches
  2 goblins (D:1)
  7 hobgoblins
  17 jackals
  5 quokkas
  3 ball pythons
  8 bats
  5 frilled lizards
  2 jackal skeletons
  7 kobolds
  A quokka skeleton (D:5)
  7 rats
175 creatures vanquished.

Notes
Turn   | Place    | Note
-------+----------+-------------------------------------------
     0 | D:1      | Kairos the Human Conjurer began the quest for the Orb.
     0 | D:1      | Reached XP level 1. HP: 13/13 MP: 3/3
   116 | D:1      | Reached XP level 2. HP: 7/19 MP: 3/5
   547 | D:1      | Reached XP level 3. HP: 21/24 MP: 0/6
   758 | D:2      | Found a faded altar of an unknown god.
   821 | D:2      | Reached XP level 4. HP: 22/30 MP: 2/7
  1367 | D:3      | Reached skill level 5 in Conjurations
  1465 | D:3      | Noticed Nattefrost's ghost (amateur GnTm)
  2010 | D:3      | Reached XP level 5. HP: 34/36 MP: 0/8
  2088 | D:3      | Reached skill level 1 in Fighting
  2093 | D:3      | Learned a level 3 spell: Dazzling Spray
  2130 | D:4      | Noticed Nattefrost's ghost (amateur GnTm)
  2224 | D:4      | Reached skill level 1 in Short Blades
  2303 | D:4      | Noticed an ogre
  2318 | D:4      | Killed an ogre
  2318 | D:4      | Reached XP level 6. HP: 29/43 MP: 3/10
  2430 | D:4      | Found a shadowy altar of Dithmenos.
  3040 | D:5      | Entered Level 5 of the Dungeon
  3214 | D:5      | Reached XP level 7. HP: 48/48 MP: 2/12
  3224 | D:5      | Found a staircase to the Ecumenical Temple.
  3234 | Temple   | Entered the Ecumenical Temple
  3386 | Temple   | Became a worshipper of Vehumet
  3868 | D:5      | Reached skill level 6 in Conjurations
  4170 | D:5      | Reached XP level 8. HP: 56/56 MP: 8/14
  4511 | D:5      | Learned a level 4 spell: Iskenderun's Mystic Blast
  4636 | D:5      | Found a shattered altar of Ashenzari.
  4639 | D:5      | Found a glowing silver altar of Zin.
  4643 | D:5      | Found a basalt altar of Yredelemnul.
  5303 | D:6      | Found a white marble altar of Elyvilon.
  5940 | D:6      | Reached skill level 5 in Spellcasting
  6054 | D:6      | Reached XP level 9. HP: 4/62 MP: 2/16
  6508 | D:7      | Noticed a hippogriff
  6529 | D:7      | Killed a hippogriff
  6529 | D:7      | Reached skill level 7 in Conjurations
  7002 | D:7      | Reached * piety under Vehumet
  7002 | D:7      | Offered knowledge of Sandblast by Vehumet.
  8318 | D:7      | Found Tihyfaunt's Book Boutique.
  8391 | D:7      | Reached skill level 1 in Axes
  8393 | D:7      | Reached ** piety under Vehumet
  8393 | D:7      | Reached skill level 1 in Hexes
  8395 | D:7      | Offered knowledge of Flame Tongue by Vehumet.
  8662 | D:7      | Learned a level 1 spell: Flame Tongue
  8692 | D:6      | HP: 3/64 [hog (9)]
  9583 | D:8      | Reached XP level 10. HP: 24/70 MP: 1/19
  9843 | D:8      | HP: 3/70 [orc wizard/dagger (6)]
  9843 | D:8      | Killed from afar by an orc priest

Vault maps used:
D:1:      mrwooster_arrival_statue
D:2:      chequers_ecumenical_altar_simple_redux
D:4:      lemuel_crystal_altar, grunt_ministairs_4
D:5:      grunt_temple_overflow_diamond, minmay_temple_entry_junction,
          first_ration
D:6:      kennysheep_mini_moat
D:7:      serial_shops, kennysheep_mini, grunt_livestock
D:8:      kennysheep_vampire_church, basic_altar, minmay_misc_feat_doors,
          uniq_grum
Temple:   eino_temple_rhombus

Skill      XL: |  1  2  3  4  5  6  7  8  9 |
---------------+----------------------------+-----
Conjurations   | 5 6 7 |  7.8
Fighting       | 1 2 3 |  3.9
Short Blades   | 1 2 3 |  3.8
Spellcasting   | 3 4 5 6 |  6.6
Dodging        | 3 4 |  4.9
Stealth        | 3 4 |  4.8
Axes           | 2 |  2.4
Hexes          | 1 |  1.3
Maces & Flails | |  0.1
Fire Magic     | |  0.4
Evocations     | |  0.1

Action                   |  1- 3 |  4- 6 |  7- 9 | 10-12 || total
-------------------------+-------+-------+-------+-------++-------
Melee: Club              |    16 |       |       |       ||    16
       Unarmed           |     1 |       |       |       ||     1
       Dagger            |    24 |    69 |    95 |       ||   188
       Hand axe          |       |       |    52 |    24 ||    76
 Cast: Magic Dart        |    42 |    88 |   154 |     3 ||   287
       Dazzling Spray    |       |     3 |    26 |     5 ||    34
       Iskenderun's Myst |       |       |    42 |     1 ||    43
       Flame Tongue      |       |       |     8 |     2 ||    10
Evoke: Wand              |       |       |     2 |       ||     2
  Use: Scroll            |       |       |    12 |     1 ||    13
       Potion            |       |       |     2 |       ||     2
 Stab: Sleeping          |     1 |       |     2 |       ||     3
       Invisible         |       |       |       |     1 ||     1
  Eat: Chunk             |       |     5 |    13 |     2 ||    20
       Ration            |       |     1 |     4 |       ||     5
Armor: Robe              |    22 |     8 |    20 |     8 ||    58
Dodge: Dodged            |    41 |    58 |   172 |    39 ||   310

Table legend:
 A = Spawn XP
 B = Non-spawn XP
 C = Spawn XP percentage of total XP
 D = Spawn monster count
 E = Non-spawn monster count
 F = Spawn count percentage of total count
 G = Total turns spent on level
                    A         B        C        D         E        F      G
               +---------+---------+-------+---------+---------+-------+---------
         Total |       0 |    4235 |   0.0 |       0 |     175 |   0.0 |  9843
               +---------+---------+-------+---------+---------+-------+---------
           D:1 |       0 |      34 |   0.0 |       0 |      20 |   0.0 |   674
           D:2 |       0 |      62 |   0.0 |       0 |      28 |   0.0 |   846
           D:3 |       0 |      65 |   0.0 |       0 |      10 |   0.0 |   658
           D:4 |       0 |     273 |   0.0 |       0 |      16 |   0.0 |   862
           D:5 |       0 |     760 |   0.0 |       0 |      24 |   0.0 |  1658
           D:6 |       0 |     796 |   0.0 |       0 |      19 |   0.0 |  2240
           D:7 |       0 |    1536 |   0.0 |       0 |      40 |   0.0 |  2576
           D:8 |       0 |     709 |   0.0 |       0 |      18 |   0.0 |   165
               +---------+---------+-------+---------+---------+-------+---------
